AoeStats
← LeDerp

Arena

507760989Analyzed
2v2 RM · 13d ago on Sep 19, 2026· 38m 53s· 4 players
Game mode
Random Map
Map size
Medium (4 player)
Population
200
Speed
Normal
Resources
Standard
Victory
Conquest
Starting age
Dark Age
Ending age
Imperial Age
RankedLock teamsTeams togetherTeam positionsShared explorationLock speedFull tech treeHidden civsTurbo modeCheats
Victory
Defeat
🇲🇽 Portuguese · Mexico
1251
+15
🇦🇷 Franks · Argentina
1227
+16
🇫🇷 Sicilians · France
1259
-17
🇨🇳 Poles · China
1190
-14
LeDerp
11:22 Feudal Age
11:51 Double-Bit Axe
11:48 Horse Collar
18:11 Castle Age
16:29 Loom
16:49 Stone Mining
20:08 Bow Saw
21:49 Wheelbarrow
22:11 Gold Mining
22:35 Bloodlines
21:47 Light Cavalry
23:04 Devotion
24:42 Szlachta Privileges
26:54 Scale Barding Armor
29:15 Chain Barding Armor
30:40 Forging
31:23 Husbandry
35:33 Imperial Age
34:32 Wheelbarrow
35:00 Iron Casting
36:12 Cavalier
dorshiffe10
7:16 Loom
32:43 Feudal Age
33:52 Double-Bit Axe
34:14 Horse Collar
37:16 Gold Mining
SergioH26
8:38 Loom
10:43 Feudal Age
14:26 Horse Collar
16:29 Double-Bit Axe
22:21 Wheelbarrow
24:46 Castle Age
25:41 Bow Saw
26:20 Heavy Plow
26:39 Fletching
28:38 Town Watch
31:21 Stone Mining
32:54 Coinage
32:57 Gold Mining
38:29 Stone Shaft Mining
38:15 Hand Cart
Silly Walks
10:26 Feudal Age
16:03 Castle Age
14:36 Double-Bit Axe
16:07 Scale Barding Armor
20:59 Forging
21:40 Wheelbarrow
25:02 Husbandry
25:39 Iron Casting
25:24 Chain Barding Armor
25:39 Iron Casting
25:24 Chain Barding Armor
31:52 Chain Barding Armor
32:05 Fletching
35:36 Imperial Age
33:53 Stone Mining
33:53 Gold Mining
36:00 Bow Saw
35:39 Cavalier
37:24 Plate Barding Armor
37:51 Blast Furnace
36:42 Capped Ram
38:22 Bodkin Arrow
Connection lost

Rejoining the realm…

Still unreachable

The connection could not be restored.

Session expired

The server has moved on; the page needs a fresh start.